 Dungeon Crawl Stone Soup version 0.26-a0-774-g1415c89e12 (webtiles) character file.

Game seed: 10312599802406346548

63 2tc the Poker (level 4, 0/33 HPs)
             Began as a Merfolk Gladiator on Nov 9, 2020.
             Killed from afar by an orc wizard (6 damage)
             ... with a magic dart
             ... on level 2 of the Dungeon.
             The game lasted 00:04:57 (1708 turns).

2tc the Poker (Merfolk Gladiator)                   Turns: 1708, Time: 00:04:58

Health: 0/33       AC:  4    Str: 14    XL:     4   Next: 10%
Magic:  4/4        EV: 14    Int:  8    God:
Gold:   47         SH:  0    Dex: 15    Spells: 3/3 levels left

rFire    . . .     SeeInvis .   h - +0 spear
rCold    . . .     Faith    .   (no shield)
rNeg     . . .     Spirit   .   b - +0 leather armour
rPois    .         Reflect  .   c - +0 helmet
rElec    .         Harm     .   (no cloak)
rCorr    .         Rampage  .   (no gloves)
MR       .....                  (no boots)
Stlth    +.........             (no amulet)
HPRegen  0.11/turn              (no ring)
MPRegen  0.09/turn              (no ring)

@: slowed, very slow
A: change form in water, swift swim, stealthy swim
a: no special abilities


You were on level 2 of the Dungeon.
You visited 1 branch of the dungeon, and saw 2 of its levels.

You collected 47 gold pieces.

Inventory:

Hand Weapons
 a - a +0 trident
 e - a +2 whip of electrocution
 h - a +0 spear (weapon)
Missiles
 d - a throwing net (quivered)
Armour
 b - a +0 leather armour (worn)
 c - a +0 helmet (worn)
Scrolls
 g - a scroll of identify
Potions
 f - a potion of attraction


   Skills:
 - Level 2.1 Fighting
 * Level 7.1 Polearms
 - Level 2.0 Throwing
 - Level 4.0 Dodging


You had 3 spell levels left.
You didn't know any spells.
Your spell library was empty.

Dungeon Overview and Level Annotations

Branches:
Dungeon (2/15)

Altars:

Annotations:
D:2 Terence


Message History

The orc wizard is heavily wounded.
The orc wizard closely misses you.
You hit the orc wizard but do no damage.
The orc wizard is heavily wounded.
The orc wizard closely misses you.
The orc wizard hits you but does no damage.
You barely miss the orc wizard.
The orc wizard is heavily wounded.
The orc wizard closely misses you. x2
You closely miss the orc wizard.
The orc wizard is heavily wounded.
The orc wizard hits you with a +0 dagger.
You barely miss the orc wizard.
The orc wizard is heavily wounded.
The orc wizard points at you and mumbles some strange words.
The magic dart hits you.
* * * LOW HITPOINT WARNING * * *
The orc wizard casts a spell at you. The magic dart hits you.
You die...

#.# #..### #.# #.#
##...###.# ## #.#
###.....# ... #.#
####..####.# #.#
#..##... # #.##
######...#.# #
#####..##....##.#...# #
#......#.....##.#...##
#(....o@.....##.#.#..###
#......##....##.#.##....
######## .####.#.##....
# #......### #..#####
....... .......
.......### .......)..


You could see an orc wizard (fast).

Vanquished Creatures
  An adder (D:2)
  2 worms (D:2)
  2 dart slugs
  A leopard gecko (D:2)
  3 orcs (D:2)
  A giant cockroach (D:1)
  4 goblins
  4 hobgoblins
  7 kobolds
  4 bats (D:1)
  5 frilled lizards
  6 rats (D:1)
40 creatures vanquished.

Notes
Turn   | Place    | Note
-------+----------+-------------------------------------------
     0 | D:1      | 2tc the Merfolk Gladiator began the quest for the Orb.
     0 | D:1      | Reached XP level 1. HP: 16/16 MP: 1/1
   214 | D:1      | Reached skill level 5 in Polearms
   225 | D:1      | Reached XP level 2. HP: 15/22 MP: 2/2
   763 | D:1      | Reached skill level 6 in Polearms
   763 | D:1      | Reached XP level 3. HP: 27/27 MP: 3/3
  1587 | D:2      | Noticed Terence
  1648 | D:2      | Reached skill level 7 in Polearms
  1648 | D:2      | Reached XP level 4. HP: 32/33 MP: 4/4
  1708 | D:2      | Killed from afar by an orc wizard

Illustrated notes

Levels and vault maps discovered:
D:1:      lightli_iron_boxes, layout_loops_ring, minmay_misc_feat_tower,
          palyth_stone_intersect
D:2:      layout_rooms, minitemple, uniq_sigmund, uniq_terence, uniq_jessica

Skill      XL: |  1  2  3 |
---------------+----------+-----
Polearms       | 5 6 7 |  7.1
Fighting       | |  2.1
Throwing       | |  2.0
Dodging        | |  4.0

Action                   |  1- 3 |  4- 6 || total
-------------------------+-------+-------++-------
Melee: Trident           |    90 |       ||    90
       Spear             |    83 |    25 ||   108
Throw: Throwing net      |     1 |     3 ||     4
  Use: Scroll            |     1 |       ||     1
 Stab: Held in net/web   |     2 |       ||     2
       Sleeping          |     3 |       ||     3
Armor: Leather armour    |    22 |     5 ||    27
Dodge: Dodged            |    65 |    11 ||    76

Table legend: (Time is in decaauts)
 A = Elapsed time spent in this place.
 B = Non-inter-level travel time spent in this place.
 C = Inter-level travel time spent in this place.
 D = Time resting spent in this place.
 E = Time spent auto-exploring this place.
 F = Levels seen in this place.
 G = Mean time per level.
                   A        B        C        D        E       F      G
               +--------+--------+--------+--------+--------+-----+--------+
         Total |   1689 |   1674 |     15 |    596 |    732 |   2 |  844.5 |
       Dungeon |   1689 |   1674 |     15 |    596 |    732 |   2 |  844.5 |
               +--------+--------+--------+--------+--------+-----+--------+

Top non-repeatable levels by time:
     D:1: 1086 daAuts
     D:2: 603 daAuts
